 Dungeon Crawl Stone Soup version 0.26-a0-651-gb41185065b (webtiles) character file.

Game seed: 14673025957287069917

(classic levelgen) 17544 EnegeticOcto the Cleaver (level 12, 110/110 HPs)
             Began as a Deep Dwarf Fighter on Oct 17, 2020.
             Was a High Priest of Makhleb.
             Quit the game on level 11 of the Dungeon.
             The game lasted 00:04:48 (6997 turns).

EnegeticOcto the Cleaver (Deep Dwarf Fighter)       Turns: 6997, Time: 00:04:49

Health: 110/110    AC: 25    Str: 26    XL:     12   Next: 19%
Magic:  1/1        EV:  6    Int:  8    God:    Makhleb [*****.]
Gold:   703        SH: 13    Dex: 12    Spells: 11/11 levels left

rFire    . . .     SeeInvis .   a - +1 war axe
rCold    . . .     Faith    .   c - +1 kite shield
rNeg     . . .     Spirit   .   k - +0 plate armour
rPois    .         Reflect  .   r - +2 helmet
rElec    .         Harm     .   f - +2 cloak
rCorr    .         Rampage  .   (no gloves)
MR       +....                  (no boots)
Stlth    ..........             (no amulet)
HPRegen  0.00/turn              H - +4 ring of protection
MPRegen  0.07/turn              (no ring)

@: non-regenerating
A: damage resistance, heal wounds, sense surroundings 2, no regeneration
a: Heal Wounds, Minor Destruction, Lesser Servant of Makhleb, Major Destruction,
Greater Servant of Makhleb, Renounce Religion


You were on level 11 of the Dungeon.
You worshipped Makhleb.
Makhleb was extremely pleased with you.
You visited 2 branches of the dungeon, and saw 12 of its levels.

You collected 703 gold pieces.

Inventory:

Hand Weapons
 a - a +1 war axe (weapon)
Missiles
 p - 2 throwing nets (quivered)
Armour
 b - a +0 scale mail
 c - a +1 kite shield (worn)
 f - a +2 cloak (worn)
 g - a +0 chain mail
 k - a +0 plate armour (worn)
 r - a +2 helmet (worn)
Jewellery
 q - a +4 ring of slaying {unknown}
 H - a +4 ring of protection (left hand)
Wands
 y - a wand of enslavement (1)
 A - a wand of disintegration (14)
 C - a wand of paralysis (12)
Scrolls
 j - 5 scrolls of identify {@r1}
 n - 3 scrolls of teleportation {@r3}
 o - a scroll of remove curse {@r2}
 t - a scroll of enchant weapon
 u - a scroll of fog
 v - a scroll of immolation {@r4}
 x - a scroll of enchant armour
 z - 2 scrolls of fear
Potions
 d - 5 potions of might {@q3}
 e - 3 potions of haste {@q4}
 h - 2 potions of flight
 i - 4 potions of heal wounds {@q2}
 l - a potion of invisibility
 m - 3 potions of curing {@q1}
 s - 2 potions of berserk rage
 w - 2 potions of mutation
 B - a potion of ambrosia {unknown}
 F - a potion of cancellation


   Skills:
 + Level 8.1 Fighting
 * Level 12.7 Axes
 + Level 9.7 Armour
 + Level 9.6 Shields
 * Level 10.6 Invocations


You had 11 spell levels left.
You didn't know any spells.
Your spell library was empty.

Dungeon Overview and Level Annotations

Branches:
Dungeon (11/15)            Temple (1/1) D:4            Lair (0/6) D:10
    Orc (0/2) D:10

Altars:
Ashenzari
Cheibriados
Elyvilon
Fedhas
Gozag
Hepliaklqana
Kikubaaqudgha
Makhleb
Nemelex Xobeh
Okawaru
Qazlal
Ru
Sif Muna
Trog
Uskayaw
Vehumet
Wu Jian
Yredelemnul
Zin
The Shining One

Shops:
D:10 (

Annotations:
D:6 exclusion: statue
D:10 exclusion: oklob plant


Innate Abilities, Weirdness & Mutations

You are resistant to damage.
You can heal yourself by infusing magical energy.
You passively map the area around you.
You do not regenerate.


Message History

You feel better.
You slash the kobold!
You kill the kobold!
Makhleb accepts your kill.
You barely miss the kobold. You block the kobold's attack.
You hit the kobold.
You kill the kobold!
Makhleb accepts your kill.
You slash the kobold!
You kill the kobold!
Makhleb accepts your kill.
The kobold throws a poisoned dart.
You block the poisoned dart.
You hit the jelly.
Your hands burn!
The jelly is moderately wounded.
You block the jelly's attack.
You hit the jelly.
Your hands burn!
The jelly is heavily wounded.
You block the jelly's attack.
You slash the jelly!
Your hands burn!
The jelly is almost dead.
The jelly hits you but does no damage.
You hit the jelly.
You kill the jelly!
Makhleb accepts your kill.
You feel better.
The kobold throws a poisoned dart.
You block the poisoned dart. You block the kobold's attack.
There is an open door here.
Items here: ( )))) †††††.
You hit the kobold.
The kobold is severely wounded.
You block the kobold's attack.
You hit the kobold.
You kill the kobold!
Makhleb accepts your kill.
No target in view!
No target in view!
No target in view!
No target in view!
Things that are here:
a +0 dagger; 6 poisoned darts You open the door.
There is an open door here.
There is an open door here.
You open the door.
There is an open door here.
You open the door.
Found 35 stones.
Found a stone staircase leading up.
There is an open door here.
As you open the door, it creaks loudly!
There is an open door here.
Things that are here:
a +0 trident; a +0 scale mail You see here a +0 ring mail.
There is a stone staircase leading down here.
There is an open door here.
As you open the door, it creaks loudly!
There is an open door here.
You open the door.
There is an open door here.
There is an open door here.
There is an open door here.
You see here a troll skeleton.
You open the door.
There is an open door here.
There is an open door here.
There is an open door here.
You see here a chain mail.
You see here a chain mail.
There is an open door here.
Things that are here:
a +0 hand axe; a +0 leather armour; a +0 ring mail
There is an open door here.
There is an open door here.
There is an open door here.
There is an open door here.
Done exploring.
Done exploring.
No target in view!
Done exploring.
Done exploring.
No target in view!
No target in view!
No target in view!
No target in view!
No target in view!
No target in view!
No target in view!
No target in view!
No target in view!
No target in view!
Done exploring.
Done exploring.
Done exploring.
Done exploring.
Done exploring.
No target in view!
Search for what [? for help]? axe Unknown command.
Are you sure you want to abandon this character and quit the game? (Confirm with "yes".)

#..# #.# #######'###
###'##### #.........#
#........ #.........#
#........ #.......[.#
#........ #.........#
###........
#..!......###.'........
#.........'...#........
#.....@...#####.......>
#........># #########
###########


There were no monsters in sight!

Vanquished Creatures
  A hydra (D:11)
  Harold (D:10)
  3 two-headed ogres
  Erica (D:11)
  An unseen horror (D:11)
  2 ugly things (D:11)
  A manticore (D:10)
  2 centaur zombies
  Joseph (D:7)
  Maurice (D:9)
  Psyche (D:8)
  Maggie (D:10)
  A centaur skeleton (D:11)
  A komodo dragon (D:11)
  2 hornets (D:10)
  2 trolls
  2 hippogriffs
  A basilisk (D:11)
  A steam dragon (D:6)
  2 water moccasins
  5 black bears
  5 orc warriors
  2 ice beasts
  3 sky beasts
  3 centaurs
  6 ogres
  5 big kobolds
  8 bullfrogs
  A wyvern zombie (D:10)
  2 scorpions
  18 wights
  27 killer bees
  3 howler monkeys
  A bullfrog zombie (D:8)
  6 hounds
  2 jellies
  2 orc priests (D:5)
  5 orc wizards
  6 iguanas
  4 worker ants
  A killer bee zombie (D:9)
  A hound skeleton (D:10)
  5 worker ant zombies
  3 gnolls (D:5)
  7 adders
  5 shadow imps
  3 white imps
  An ufetubus (D:7)
  2 adder zombies
  An adder skeleton (D:8)
  A worm (D:5)
  A leopard gecko (D:5)
  33 orcs
  A giant cockroach (D:4)
  A goblin (D:2)
  5 hobgoblins
  5 jackals
  31 kobolds
  3 quokkas
  3 bats
  A frilled lizard (D:2)
  3 rats
259 creatures vanquished.

Vanquished Creatures (collateral kills)
  A hydra (D:8)
  Urug (D:10)
  A centaur zombie (D:10)
  3 orc warriors (D:10)
  A killer bee (D:10)
  A jelly (D:8)
  An orc wizard (D:10)
  An adder (D:8)
10 creatures vanquished.

Vanquished Creatures (others)
  Fannar (D:10)
  10 withered plants (D:8)
11 creatures vanquished.

Grand Total: 280 creatures vanquished

Notes
Turn   | Place    | Note
-------+----------+-------------------------------------------
     0 | D:1      | EnegeticOcto the Deep Dwarf Fighter began the quest for the
                  | Orb.
     0 | D:1      | Reached XP level 1. HP: 20/20 MP: 1/1
    59 | D:2      | Reached XP level 2. HP: 27/27 MP: 2/2
   214 | D:2      | You fall into a shaft and drop 2 floors!
   225 | D:4      | Found a staircase to the Ecumenical Temple.
   299 | Temple   | Entered the Ecumenical Temple
   329 | Temple   | Became a worshipper of Makhleb the Destroyer
   394 | D:4      | Reached skill level 3 in Axes
   394 | D:4      | Reached XP level 3. HP: 26/34 MP: 3/3
   764 | D:2      | Found a bloodstained altar of Trog.
   764 | D:2      | Found a hazy altar of Hepliaklqana.
   765 | D:2      | Found a sparkling altar of Nemelex Xobeh.
   829 | D:2      | Found a shimmering blue altar of Sif Muna.
   876 | D:2      | Found a white marble altar of Elyvilon.
  1058 | D:5      | Entered Level 5 of the Dungeon
  1064 | D:5      | Reached skill level 1 in Invocations
  1064 | D:5      | Reached XP level 4. HP: 32/42 MP: 4/4
  1292 | D:5      | Noticed an ogre
  1307 | D:5      | Killed an ogre
  1307 | D:5      | Reached skill level 4 in Axes
  1307 | D:5      | Reached XP level 5. HP: 40/49 MP: 5/5
  1326 | D:5      | Found a blossoming altar of Fedhas.
  1330 | D:5      | Reached * piety under Makhleb
  1347 | D:5      | Noticed an ogre
  1355 | D:5      | Killed an ogre
  1355 | D:5      | Reached XP level 6. HP: 32/56 MP: 6/6
  1486 | D:5      | Found a basalt altar of Yredelemnul.
  1494 | D:5      | Reached skill level 5 in Axes
  1553 | D:5      | Found a broken altar of Ashenzari.
  1911 | D:6      | Reached XP level 7. HP: 31/63 MP: 7/7
  1983 | D:6      | Noticed a hippogriff
  1994 | D:6      | Killed a hippogriff
  1994 | D:6      | Reached skill level 6 in Axes
  1994 | D:6      | Reached skill level 5 in Armour
  1994 | D:6      | Reached skill level 5 in Shields
  2036 | D:6      | Reached XP level 8. HP: 49/73 MP: 9/9
  2133 | D:6      | Found a radiant altar of Vehumet.
  2278 | D:6      | Reached skill level 5 in Invocations
  2279 | D:6      | Reached ** piety under Makhleb
  2364 | D:6      | Reached skill level 7 in Axes
  2477 | D:7      | Noticed Joseph
  2480 | D:7      | Reached skill level 5 in Fighting
  2512 | D:7      | Killed Joseph
  2512 | D:7      | Reached skill level 8 in Axes
  2512 | D:7      | Gained mutation: You passively map the area around you.
                  | [Deep Dwarf growth]
  2512 | D:7      | Reached XP level 9. HP: 78/81 MP: 11/11
  3691 | D:8      | Reached *** piety under Makhleb
  3714 | D:8      | Reached skill level 9 in Axes
  3755 | D:8      | Noticed Psyche
  3770 | D:8      | Killed Psyche
  3778 | D:8      | Noticed a seven-headed hydra
  3791 | D:8      | Killed a nine-headed hydra
  3791 | D:8      | Reached XP level 10. HP: 42/91 MP: 8/8
  3929 | D:8      | Found an ancient bone altar of Kikubaaqudgha.
  4420 | D:9      | Found an ancient bone altar of Kikubaaqudgha.
  4479 | D:9      | Reached skill level 10 in Axes
  4533 | D:9      | Reached **** piety under Makhleb
  4574 | D:9      | Noticed Maurice
  4603 | D:9      | Killed Maurice
  4645 | D:9      | Noticed a two-headed ogre
  4669 | D:9      | Killed a two-headed ogre
  5111 | D:10     | Entered Level 10 of the Dungeon
  5215 | D:10     | Noticed an oklob plant
  5232 | D:10     | Found Kewkamoh's Weapon Emporium.
  5232 | D:10     | Found a staircase to the Orcish Mines.
  5232 | D:10     | Noticed Urug
  5276 | D:10     | Killed Urug
  5369 | D:10     | Reached skill level 11 in Axes
  5381 | D:10     | Noticed Harold
  5386 | D:10     | Reached XP level 11. HP: 81/99 MP: 7/7
  5393 | D:10     | Killed Harold
  5438 | D:10     | Noticed Fannar
  5554 | D:10     | Killed Fannar
  5586 | D:10     | Noticed Maggie
  5598 | D:10     | Killed Maggie
  5685 | D:10     | Found a staircase to the Lair.
  6323 | D:11     | Reached ***** piety under Makhleb
  6352 | D:11     | Noticed Erica
  6360 | D:11     | Killed Erica
  6360 | D:11     | Reached skill level 12 in Axes
  6416 | D:11     | Noticed a two-headed ogre
  6419 | D:11     | Noticed a two-headed ogre
  6426 | D:11     | Killed a two-headed ogre
  6426 | D:11     | Reached skill level 10 in Invocations
  6449 | D:11     | Killed a two-headed ogre
  6491 | D:11     | Noticed a purple ugly thing
  6502 | D:11     | Killed a purple ugly thing
  6545 | D:11     | Noticed a green ugly thing
  6558 | D:11     | Killed a green ugly thing
  6558 | D:11     | Reached XP level 12. HP: 104/110 MP: 4/4
  6564 | D:11     | Noticed an eight-headed hydra
  6605 | D:11     | Killed a 19-headed hydra
  6997 | D:11     | Quit the game

Illustrated notes

Levels and vault maps discovered:
D:1:      eino_arrival_water_cross, layout_basic, minmay_strange_pillars
D:2:      layout_rooms, elyvilon_altar_5, led_sif_pool,
          gammafunk_temple_overflow_forgotten, minivault_19
D:3:      layout_basic, marbit_many_paths, uniq_sigmund
D:4:      layout_loops_ring, minmay_temple_entry_antechambers,
          pf_just_have_faith, uniq_duvessa
D:5:      layout_basic, lemuel_crystal_altar, ashenzari_altar_1,
          yredelemnul_altar_generic
D:6:      layout_cave_pools, vehumet_statue
D:7:      layout_basic, uniq_joseph
D:8:      layout_loops_cross, kiku_gazebo_garden_becter, uniq_psyche
D:9:      layout_irregular_city, basic_altar, uniq_maurice
D:10:     layout_roguey, dpeg_oklobed_lair, orc_david_3, uniq_urug, uniq_maggie,
          uniq_fannar, uniq_harold
D:11:     layout_roguey, uniq_erica
Temple:   minmay_temple_bridge_abc

Skill      XL: |  1  2  3  4  5  6  7  8  9 10 11 12 |
---------------+-------------------------------------+-----
Fighting       | 3 4 5 6 7 8 |  8.1
Axes           | 3 4 5 6 8 9 11 12 | 12.7
Invocations    | 1 2 3 4 6 7 8 10 | 10.6
Armour         | 4 5 6 7 8 9 |  9.7
Shields        | 4 5 6 7 8 9 |  9.6

Action                   |  1- 3 |  4- 6 |  7- 9 | 10-12 || total
-------------------------+-------+-------+-------+-------++-------
Melee: War axe           |    73 |    79 |   416 |   747 ||  1315
Invok: Lesser Servant of |       |       |     2 |     7 ||     9
 Abil: Heal Wounds       |       |     4 |    14 |    35 ||    53
Evoke: Wand              |       |       |       |     1 ||     1
  Use: Scroll            |       |       |       |    24 ||    24
 Stab: Distracted        |       |       |       |     2 ||     2
Armor: Scale mail        |    13 |       |       |       ||    13
       Plate armour      |    34 |    42 |   250 |   552 ||   878
       Chain mail        |     8 |       |       |       ||     8
Dodge: Dodged            |    20 |    13 |   101 |   183 ||   317
Block: Kite shield       |    26 |    45 |   275 |   558 ||   904

Table legend: (Time is in decaauts)
 A = Elapsed time spent in this place.
 B = Non-inter-level travel time spent in this place.
 C = Inter-level travel time spent in this place.
 D = Time resting spent in this place.
 E = Time spent auto-exploring this place.
 F = Levels seen in this place.
 G = Mean time per level.
                   A        B        C        D        E       F      G
               +--------+--------+--------+--------+--------+-----+--------+
         Total |   7123 |   6770 |    353 |      0 |   4631 |  12 |  593.6 |
       Dungeon |   7073 |   6738 |    335 |      0 |   4610 |  11 |  643.0 |
        Temple |     49 |     31 |     18 |      0 |     21 |   1 |   49.0 |
               +--------+--------+--------+--------+--------+-----+--------+

Top non-repeatable levels by time:
     D:7: 1209 daAuts
    D:10: 1070 daAuts
     D:5: 840 daAuts
     D:9: 830 daAuts
     D:8: 744 daAuts
    D:11: 738 daAuts
     D:6: 598 daAuts
     D:2: 403 daAuts
     D:3: 336 daAuts
     D:4: 242 daAuts
     D:1: 58 daAuts
  Temple: 49 daAuts
